 Dungeon Crawl Stone Soup version 0.30.1-11-g7821555f0a (webtiles) character file.

Game seed: 497585548325653337

2361 AdnanSaban the Basher (level 9, 0/56 HPs)
             Began as a Gargoyle Fighter on Dec 2, 2023.
             Was a Follower of Okawaru.
             Slain by a kobold
             ... wielding a +1 short sword of distortion
              (5 damage)
             ... on level 5 of the Dungeon.
             The game lasted 00:09:00 (4807 turns).

AdnanSaban the Basher (Gargoyle Fighter)            Turns: 4807, Time: 00:09:00

Health: 0/56       AC: 26    Str: 24    XL:     9   Next: 44%
Magic:  7/9        EV: 13    Int:  9    God:    Okawaru [*.....]
Gold:   227        SH:  6    Dex:  9    Spells: 8/8 levels left

rFire   . . .        F - +0 morningstar
rCold   . . .        c - +0 buckler
rNeg    + . .        x - +2 plate armour {rPois}
rPois   ∞            (no helmet)
rElec   +            (no cloak)
rCorr   .            y - +0 pair of gloves
SInv    .            n - +0 pair of boots
Will    .....        (no amulet) Stlth
                     g - +5 ring of evasion
HPRegen 0.29/turn    (no ring)
MPRegen 0.11/turn

%: no passive effects
@: heroic
A: sickness immunity, AC +6, negative energy resistance 1, electricity
resistance, torment resistance 1, petrification resistance
a: Renounce Religion, Heroism


You were on level 5 of the Dungeon.
You worshipped Okawaru.
Okawaru was aware of your devotion.
You visited 2 branches of the dungeon, and saw 6 of its levels.
You also visited: Ossuary.

You collected 227 gold pieces.

Inventory:

Hand Weapons
 F - a +0 morningstar (weapon)
Missiles
 j - 7 poisoned darts (quivered)
 l - 4 javelins
 q - 6 silver javelins
 D - 5 silver boomerangs
Armour
 c - a +0 buckler (worn)
 n - a +0 pair of boots (worn)
 x - a +2 plate armour of poison resistance (worn)
 y - a +0 pair of gloves (worn)
Jewellery
 g - a +5 ring of evasion (left hand)
Wands
 E - a wand of flame (7)
Scrolls
 a - a scroll of poison {unknown}
 b - a scroll of vulnerability {unknown}
 e - a scroll of silence {unknown}
 h - a scroll of enchant weapon {unknown}
 i - 9 scrolls of identify {unknown}
 k - a scroll of enchant armour {unknown}
 p - 4 scrolls of fog {unknown}
 r - 2 scrolls of blinking {unknown}
 v - 2 scrolls of fear {unknown}
 B - 2 scrolls of immolation {unknown}
 C - a scroll of teleportation {unknown}
Potions
 d - 4 potions of might
 f - 2 potions of heal wounds {unknown}
 m - 2 potions of haste {unknown}
 o - 6 potions of curing {unknown}
 s - 4 potions of lignification {unknown}
 t - 2 potions of degeneration {unknown}
 u - a potion of berserk rage {unknown}
 w - a potion of attraction {unknown}
 z - a potion of cancellation {unknown}
 A - 3 potions of brilliance {unknown}


   Skills:
 + Level 6.3(11.3) Fighting
 + Level 8.9(13.9) Maces & Flails
 + Level 0.2(5.2) Throwing
 + Level 6.0(11.0) Armour
 + Level 1.2(6.2) Dodging
 + Level 0.2(5.2) Stealth
 + Level 6.5(11.5) Shields


You had 8 spell levels left.
You didn't know any spells.
Your spell library was empty.

Dungeon Overview and Level Annotations

Branches:
Dungeon (5/15)             Temple (1/1) D:4         Ossuary (visited)

Altars:
Cheibriados
Dithmenos
Elyvilon
Fedhas
Hepliaklqana
Nemelex Xobeh
Okawaru
Ru
Sif Muna
Trog
Wu Jian
Xom

Shops:
D:1 (   D:3 [


Innate Abilities, Weirdness & Mutations

You are immune to sickness and miasma.
Your stone body is resilient. (AC +6)
You are immune to poison.
You resist negative energy. (rN+)
You are resistant to electric shocks. (rElec)
You are resistant to unholy torment.
You are immune to petrification.


Message History

You are too injured to fight recklessly!
You sock the kobold brigand!
You kill the kobold brigand!
Okawaru accepts your kill.
You closely miss the kobold. The kobold hits you but does no damage.
You hit the kobold.
You kill the kobold!
Okawaru accepts your kill.
You barely miss the kobold. The kobold hits you but does no damage.
You hit the kobold but do no damage. The kobold hits you but does no damage.
You are too injured to fight recklessly!
You closely miss the kobold.
The kobold zaps a wand.
The roots erupt in riotous growth!
The grasping roots grab you!
The kobold is unaffected.
The grasping roots constrict you.
* * * LOW HITPOINT WARNING * * *
You closely miss the kobold. The kobold hits you but does no damage.
The grasping roots constrict you.
* * * LOW HITPOINT WARNING * * *
You gain the combat prowess of a mighty hero.
The kobold hits you but does no damage. The grasping roots constrict you.
The grasping roots release their grip on you.
You sock the kobold!
You kill the kobold!
You puncture the kobold!
You kill the kobold!
Okawaru accepts your kill.
You hit the kobold but do no damage. The kobold hits you but does no damage.
Space warps around you.
* * * LOW HITPOINT WARNING * * *
You miss the kobold. You hit the kobold but do no damage.
The kobold hits you but does no damage.
You barely miss the kobold. You block the kobold's attack.
You hit the kobold but do no damage. The kobold completely misses you.
You barely miss the kobold. You block the kobold's attack.
You closely miss the kobold.
The kobold hits you with a +1 short sword of distortion.
* * * LOW HITPOINT WARNING * * *
Space warps around you.
You die...

...........#####........#
.........###.)$##......##
.........##.....##..####
...###..##.#...#.####
...###...#⌠.#.#.⌠#
.....#...#.#...#.#
##...##..##.....###
###.......##'''##.#
#............KK@.#
#............#####
##.##..####### #.....#
##....# ##...# ##.## ###


You could see 2 kobolds.

Vanquished Creatures
  Pikel (D:4)
  The ghost of otna the Grave Robber, an amateur DENe (D:5)
  A steam dragon (D:5)
  Menkaure (D:5)
  A water moccasin (D:5)
  An ogre (D:5)
  A kobold brigand (D:5)
  3 lemures (D:3)
  Blork the orc (D:4)
  3 scorpions (D:5)
  2 water moccasin zombies (Ossuary)
  A wight (Ossuary)
  3 bullfrog zombies (Ossuary)
  A hound (D:5)
  2 centaur zombies (Ossuary)
  A jelly (D:5)
  An orc priest (D:3)
  A gnoll bouda (D:4)
  2 sleepcaps (D:5)
  5 iguanas
  2 orc wizards
  2 scorpion zombies (Ossuary)
  2 ogre zombies (Ossuary)
  5 adders
  8 gnolls
  An ufetubus (D:2)
  2 adder zombies (Ossuary)
  A worm (D:5)
  A dart slug (D:2)
  6 orcs
  12 ball pythons
  7 endoplasms
  A giant cockroach (D:4)
  2 gnoll zombies (Ossuary)
  8 goblins
  11 hobgoblins
  4 jackals (D:1)
  15 kobolds
  5 quokkas
  6 bats
  8 frilled lizards
  2 goblin zombies (Ossuary)
  2 hobgoblin zombies (Ossuary)
  4 orc zombies (Ossuary)
  9 rats
159 creatures vanquished.

Notes
Turn   | Place    | Note
-------+----------+-------------------------------------------
     0 | D:1      | AdnanSaban the Gargoyle Fighter began the quest for the
                  | Orb.
     0 | D:1      | Reached XP level 1. HP: 14/14 MP: 1/1
   110 | D:1      | Reached XP level 2. HP: 16/19 MP: 2/2
   293 | D:1      | Found Suuqaeno's Antique Weapon Shoppe.
   313 | D:1      | Reached XP level 3. HP: 24/24 MP: 3/3
  1167 | D:2      | Reached XP level 4. HP: 29/29 MP: 4/4
  1489 | D:2      | Found a bloodstained altar of Trog.
  1772 | D:3      | Reached skill level 3 in Maces & Flails
  1813 | D:3      | Found Ynemitex's Antique Armour Emporium.
  1922 | D:3      | Found an ornate altar of the Wu Jian Council.
  1977 | D:3      | Reached XP level 5. HP: 31/33 MP: 5/5
  2138 | D:3      | Found a faded altar of an unknown god.
  2397 | D:3      | Reached skill level 4 in Maces & Flails
  2409 | D:3      | Found a snail-covered altar of Cheibriados.
  2510 | D:4      | Reached XP level 6. HP: 36/38 MP: 6/6
  2633 | D:4      | Found a sacrificial altar of Ru.
  2678 | D:4      | Found a white marble altar of Elyvilon.
  2818 | D:4      | Found a sand-covered staircase.
  2821 | D:4      | Noticed Menkaure
  2827 | Ossuary  | Entered an ossuary
  2945 | Ossuary  | Reached skill level 5 in Maces & Flails
  2959 | Ossuary  | Reached XP level 7. HP: 37/44 MP: 7/7
  3057 | Ossuary  | Reached skill level 1 in Dodging
  3113 | Ossuary  | Reached skill level 6 in Maces & Flails
  3122 | Ossuary  | Noticed a silent spectre
  3167 | D:5      | Entered Level 5 of the Dungeon
  3182 | D:4      | Noticed Pikel
  3268 | D:4      | Killed Pikel
  3269 | D:4      | Reached skill level 5 in Fighting
  3269 | D:4      | Reached skill level 7 in Maces & Flails
  3269 | D:4      | Reached skill level 5 in Armour
  3269 | D:4      | Reached skill level 5 in Shields
  3269 | D:4      | Reached XP level 8. HP: 38/49 MP: 8/8
  3374 | D:4      | Noticed Blork the orc
  3393 | D:4      | Killed Blork the orc
  3455 | D:4      | Found a staircase to the Ecumenical Temple.
  3532 | Temple   | Entered the Ecumenical Temple
  3552 | Temple   | Became a worshipper of Warmaster Okawaru
  3775 | D:5      | Killed Menkaure
  4035 | D:5      | Reached skill level 8 in Maces & Flails
  4155 | D:5      | Reached * piety under Okawaru
  4156 | D:5      | Reached XP level 9. HP: 54/54 MP: 9/9
  4482 | D:5      | Found a shimmering altar of Xom.
  4519 | D:5      | Found a runed translucent gate.
  4519 | D:5      | Noticed otna's ghost (amateur DENe)
  4520 | D:5      | Found a runed translucent gate.
  4521 | D:5      | Found a runed translucent gate.
  4561 | D:5      | Found a blossoming altar of Fedhas.
  4723 | D:5      | Found a sparkling altar of Nemelex Xobeh.
  4787 | D:5      | Killed otna's ghost
  4807 | D:5      | Slain by a kobold

Illustrated notes

Levels and vault maps discovered:
D:1:      elethiomel_arrival_infinity_welcomes_careful_drivers, layout_basic,
          serial_shops, nicolae_shop_overgrown_old_shop, minmay_three_crescents
D:2:      layout_loops_cross, basic_altar
D:3:      layout_rooms, marbit_many_paths, nzn_wu_jian_contemplation,
          basic_ecumenical_altar, serial_shops, nicolae_shop_getting_attention,
          dk_vineyard_2, eino_tiny_chamber
D:4:      layout_gridville, lemuel_coloured_pillars_altar, elyvilon_altar_3,
          minmay_temple_entry_fiery, nicolae_ossuary_entry_ruins,
          uniq_blork_the_orc, uniq_menkaure, uniq_pikel
D:5:      layout_cave_pools, nemelex_dance_club_becter, fedhas_altar_fruit_tree,
          xom_butterflies, gammafunk_ghost_nasty_kobolds, minmay_diced_spiral
Temple:   compressed_dpeg_circular_temple

Skill      XL: |  1  2  3  4  5  6  7  8  9 |
---------------+----------------------------+-----
Maces & Flails | 3 4 5 7 8 |  8.9
Armour         | 4 5 6 |  6.0
Fighting       | 4 5 6 |  6.3
Shields        | 4 5 6 |  6.5
Dodging        | 1 |  1.2
Throwing       | |  0.2
Stealth        | |  0.2

Action                     |  1- 3 |  4- 6 |  7- 9 || total
---------------------------+-------+-------+-------++-------
  Melee: Flail             |   130 |   226 |   218 ||   574
         Morningstar       |       |       |   121 ||   121
  Throw: Dart              |       |       |     4 ||     4
 Invoke: Heroism           |       |       |     1 ||     1
 Armour: Scale mail        |    99 |    14 |       ||   113
         Chain mail        |       |    47 |       ||    47
         Plate armour      |       |    72 |   240 ||   312
  Dodge: Dodged            |    78 |   181 |   217 ||   476
  Block: Buckler           |    35 |    66 |    95 ||   196
